 Dungeon Crawl Stone Soup version 0.21.1-1-g345015fe64 (webtiles) character file.

474 Gargoyl the Skirmisher (level 6, -1/53 HPs)
             Began as a Centaur Abyssal Knight on May 14, 2018.
             Was a Believer of Lugonu.
             Slain by a worker ant (3 damage)
             ... on level 4 of the Dungeon.
             The game lasted 00:06:38 (3723 turns).

Gargoyl the Skirmisher (Centaur Abyssal Knight)     Turns: 3723, Time: 00:06:40

Health: -1/53      AC: 11    Str: 15    XL:     6   Next: 84%
Magic:  8/8        EV:  4    Int: 13    God:    Lugonu [**....]
Gold:   213        SH:  0    Dex: 10    Spells: 5/5 levels left

rFire    . . .     SeeInvis .   a - +1 hand axe
rCold    . . .     Gourm    .   (no shield)
rNeg     . . .     Faith    .   i - +0 chain mail
rPois    .         Spirit   .   (no helmet)
rElec    .         Reflect  .   (no cloak)
rCorr    .         Harm     .   b - +0 pair of gloves
MR       .....     Rnd*Tele +   (no barding)
Stlth    ..........             (no amulet)
HPRegen  0.17/turn              (no ring)
MPRegen  0.11/turn              (no ring)

@: lethally poisoned (-1 -> -8), very quick
A: large, hooves 3, iridescent scales 1, clever 1, deformed body, speed 2,
teleportitis 1, tough skin 3
a: Depart the Abyss, Bend Space, Renounce Religion


You were on level 4 of the Dungeon.
You worshipped Lugonu.
Lugonu was pleased with you.
You were not hungry.

You visited 1 branch of the dungeon, and saw 4 of its levels.
You visited the Abyss 1 time.

You collected 213 gold pieces.

Inventory:

Hand Weapons
 a - a +1 hand axe (weapon)
Missiles
 h - 2 tomahawks (quivered)
Armour
 b - a +0 pair of gloves (worn)
 i - a +0 chain mail (worn)
Scrolls
 f - a scroll of amnesia
 g - 2 scrolls of identify
 k - a scroll of fog
 l - a scroll of enchant armour
Potions
 e - a potion of flight
Comestibles
 c - 10 rations


   Skills:
 + Level 4.7 Fighting
 + Level 3.4 Axes
 * Level 3.2 Armour
 + Level 1.1 Dodging
 * Level 3.8 Invocations


You had 5 spell levels left.
You didn't know any spells.

Dungeon Overview and Level Annotations

Branches:
Dungeon (4/15)
 Temple: D:4-7

Altars:
Cheibriados

Annotations:
D:4 Robin


Innate Abilities, Weirdness & Mutations

You have hooves in place of feet.
Armour fits poorly on your strangely shaped body.
You cover ground very quickly.
You have extremely tough skin. (AC +3)
You are partially covered in iridescent scales. (AC +2)
Your mind is acute. (Int +2)
You are occasionally teleported next to monsters.


Message History

* * * LOW HITPOINT WARNING * * *
You are lethally poisoned!
The worker ant poisons you! The hobgoblin hits you with a club.
* * * LOW HITPOINT WARNING * * *
The goblin hits you with a club.
* * * LOW HITPOINT WARNING * * *
The orc hits you but does no damage.
You hit the worker ant.
The worker ant is severely wounded.
You hit the goblin. x2
You kill the goblin!
Lugonu accepts your kill.
You hit the goblin.
You kill the goblin!
Lugonu accepts your kill.
You hit the orc but do no damage. You hit the worker ant.
You hit the hobgoblin.
* * * LOW HITPOINT WARNING * * *
You feel sick. The worker ant bites you.
You die...

####### #.....#
#.....# . #.....#
.. ##.....#...
######))gg...p..
#.(.....@ag.o....
.......oag...#...
#.#####.g....#
#(# ##.......#
#.# #..#.....#
#.###.###.#...$.
##.#...# #.#.....
#....###
#.#......
###.#.##
#.#......


You could see a slave, 2 worker ants, Robin, an orc wizard, an orc, a hobgoblin
and 3 goblins.

Vanquished Creatures
  The ghost of Gargoyl the Skirmisher, an amateur CeAK of Lugonu (D:3)
  An eye of draining (Abyss:1)
  A hound (D:4)
  An orc priest (D:3)
  Terence (D:2)
  A worker ant (D:4)
  3 adders
  2 dart slugs
  2 leopard geckos (D:3)
  15 orcs
  2 giant cockroaches (D:3)
  19 goblins
  14 hobgoblins
  9 jackals
  6 kobolds
  2 quokkas (D:2)
  4 bats
  3 frilled lizards
  4 rats
91 creatures vanquished.

Notes
Turn   | Place    | Note
-------+----------+-------------------------------------------
     0 | Abyss:1  | Gargoyl the Centaur Abyssal Knight began the quest for the Orb.
     0 | Abyss:1  | Reached XP level 1. HP: 19/19 MP: 2/2
    85 | Abyss:1  | Noticed an eye of draining
    90 | Abyss:1  | Noticed a starcursed mass
    92 | Abyss:1  | Killed an eye of draining
    92 | Abyss:1  | Reached skill level 4 in Fighting
    92 | Abyss:1  | Reached XP level 2. HP: 27/27 MP: 0/4
    92 | Abyss:1  | Reached XP level 3. HP: 33/33 MP: 0/5
    92 | Abyss:1  | Reached XP level 4. HP: 40/40 MP: 0/6
   114 | Abyss:1  | Noticed a wraith
   119 | Abyss:1  | Noticed a large abomination
   123 | D:1      | Escaped the Abyss
   812 | D:1      | Found a snail-covered altar of Cheibriados.
  1006 | D:1      | Reached * piety under Lugonu
  1510 | D:2      | Noticed Terence
  1524 | D:2      | Killed Terence
  1524 | D:2      | Reached skill level 1 in Dodging
  1524 | D:2      | Reached XP level 5. HP: 37/47 MP: 7/7
  1971 | D:3      | Gained mutation: You are clumsy. (Dex -2) [potion of mutation]
  1971 | D:3      | Gained mutation: You expend magic power (3 MP) to strengthen your wands. [potion of mutation]
  1971 | D:3      | Gained mutation: Scrolls take you a little longer to read. [potion of mutation]
  1971 | D:3      | Gained mutation: Your system is resistant to poisons. (rPois) [potion of mutation]
  1988 | D:3      | Reached ** piety under Lugonu
  2381 | D:3      | Noticed Gargoyl's ghost (amateur CeAK)
  2465 | D:3      | Killed Gargoyl's ghost
  2465 | D:3      | Reached XP level 6. HP: 28/53 MP: 8/8
  3674 | D:4      | Lost mutation: You are clumsy. (Dex -2) [potion of mutation]
  3674 | D:4      | Lost mutation: Scrolls take you a little longer to read. [potion of mutation]
  3674 | D:4      | Lost mutation: Your system is resistant to poisons. (rPois) [potion of mutation]
  3674 | D:4      | Lost mutation: You expend magic power (3 MP) to strengthen your wands. [potion of mutation]
  3674 | D:4      | Gained mutation: You are occasionally teleported next to monsters. [potion of mutation]
  3674 | D:4      | Gained mutation: You are partially covered in iridescent scales. (AC +2) [potion of mutation]
  3674 | D:4      | Gained mutation: Your mind is acute. (Int +2) [potion of mutation]
  3714 | D:4      | Noticed Robin
  3722 | D:4      | Noticed a slave
  3722 | D:4      | HP: 2/53 [goblin/club[Robin] (1)]
  3723 | D:4      | Slain by a worker ant

Skill      XL: |  1  2  3  4  5  6 |
---------------+-------------------+-----
Fighting       | 4 |  4.7
Axes           | 2 3 |  3.4
Invocations    | 3 |  3.8
Armour         | 2 3 |  3.2
Dodging        | 1 |  1.1

Action                   |  1- 3 |  4- 6 || total
-------------------------+-------+-------++-------
Melee: Hand axe          |     6 |   252 ||   258
       Kick              |     3 |    46 ||    49
Invok: Depart the Abyss  |       |     1 ||     1
  Use: Scroll            |       |    11 ||    11
       Potion            |       |     5 ||     5
  Eat: Ration            |       |     1 ||     1
       Chunk             |       |     4 ||     4
Armor: Leather armour    |       |    29 ||    29
       Chain mail        |       |   219 ||   219
Dodge: Dodged            |       |   107 ||   107
